 Dungeon Crawl Stone Soup version 0.18.1-50-g88ac8fd (webtiles) character file.

80 KarmaPolice the Poker (level 4, -1/35 HPs)
             Began as a Merfolk Gladiator on Oct 1, 2016.
             Slain by an orc wizard
             ... wielding a +0 dagger
              (5 damage)
             ... on level 3 of the Dungeon.
             The game lasted 00:04:48 (1785 turns).

KarmaPolice the Poker (Merfolk Gladiator)           Turns: 1785, Time: 00:04:49

Health: -1/35      AC:  4    Str: 15 (16) XL:     4   Next: 39%
Magic:  4/4        EV: 13    Int:  6 (7)  God:
Gold:   103        SH:  0    Dex: 12 (14) Spells: 0 memorised, 3 levels left

rFire  . . .     SeeInvis .     a - +0 trident
rCold  . . .     Gourm    .     b - +0 leather armour
rNeg   . . .     Faith    .     (no shield)
rPois  .         Spirit   .     c - +0 helmet
rElec  .         Dismiss  .     (no cloak)
rCorr  .         Reflect  .     (no gloves)
SustAt .         Harm     .     (no boots)
MR     .....                    (no amulet)
Stlth  +.........               (no ring)
                                (no ring)

@: lethally poisoned (-1 -> -4), slowed, very slow, not resistant to hostile
enchantments, very unstealthy
A: change form in water, swift swim
a: no special abilities


You were on level 3 of the Dungeon.
You were not hungry.

You visited 1 branch of the dungeon, and saw 3 of its levels.

You collected 103 gold pieces.

Inventory:

Hand Weapons
 a - a +0 trident (weapon)
Missiles
 d - 3 throwing nets (quivered)
Armour
 b - a +0 leather armour (worn)
 c - a +0 helmet (worn)
Jewellery
 k - a +1 ring of evasion {unknown}
Scrolls
 e - 2 scrolls of identify {unknown}
 i - a scroll of noise {unknown}
 m - a scroll of teleportation {unknown}
 o - a scroll of enchant armour {unknown}
Potions
 h - a potion of degeneration
 j - a potion of curing {unknown}
 l - 2 potions of lignification {unknown}
Comestibles
 f - 4 bread rations
 g - 2 meat rations
 n - 2 chunks of flesh


   Skills:
 + Level 3.0 Fighting
 + Level 5.8 Polearms
 - Level 2.0 Throwing
 + Level 1.2 Armour
 - Level 4.3 Dodging


You had 3 spell levels left.
You didn't know any spells.

Dungeon Overview and Level Annotations

Branches:
Dungeon (3/15)

Altars:
Dithmenos
Makhleb
Ru
Sif Muna
The Shining One

Annotations:
D:3 azmarco's ghost, weakling TrFi


Message History

The orc wizard blinks!
The adder closely misses you.
You miss the adder. The adder completely misses you. The orc hits you.
The orc wizard shouts!
You hit the adder but do no damage. The adder closely misses you.
The orc wizard closely misses you. The orc misses you.
You hit the adder.
The adder is lightly wounded.
You feel sick. The adder bites you.
* * * LOW HITPOINT WARNING * * *
The orc wizard gestures at you while chanting.
You feel yourself slow down. The orc hits you.
* * * LOW HITPOINT WARNING * * *
The adder misses you.
Drink which item? (? for menu, Esc to quit)
It was a potion of degeneration.
There was something very wrong with that liquid.
You feel weakened.
You feel dopey.
You feel clumsy.
The orc wizard hits you but does no damage.
The adder closely misses you. The orc wizard hits you with a dagger.
You die...

.##... .......
...........>..
#....#........
###....#........
..'..o.#......$.
####............. #
.......o........ .#
)...$..@S..##+##.# ..
.......o...#.....#...
.##..............#...
##..................
#.........$........
+..................
#........#....#.#.
#........#....#+#####
#........####........


You could see 2 orc wizards, an adder and an orc.

Vanquished Creatures
  2 adders (D:3)
  2 dart slugs
  2 giant geckos
  3 orcs (D:3)
  A ball python (D:2)
  5 bats
  2 giant cockroaches
  6 hobgoblins
  4 jackals (D:1)
  2 quokkas (D:2)
  A giant newt (D:2)
  9 goblins
  4 kobolds
  6 rats
49 creatures vanquished.

Notes
Turn   | Place    | Note
--------------------------------------------------------------
     0 | D:1      | KarmaPolice the Merfolk Gladiator began the quest for the Orb.
     0 | D:1      | Reached XP level 1. HP: 16/16 MP: 1/1
   149 | D:1      | Reached XP level 2. HP: 23/23 MP: 2/2
   543 | D:1      | Reached skill level 5 in Polearms
   553 | D:1      | Reached XP level 3. HP: 13/28 MP: 3/3
  1417 | D:2      | Found a sacrificial altar of Ru.
  1589 | D:3      | Noticed azmarco's ghost (weakling TrFi)
  1672 | D:3      | Found a deep blue altar of Sif Muna.
  1696 | D:3      | Reached XP level 4. HP: 33/34 MP: 4/4
  1697 | D:3      | Found a burning altar of Makhleb.
  1709 | D:3      | Found a glowing golden altar of the Shining One.
  1716 | D:3      | Reached skill level 1 in Armour
  1731 | D:3      | Found a shadowy altar of Dithmenos.
  1785 | D:3      | Slain by an orc wizard

Skill      XL: |  1  2  3  4 |
---------------+-------------+-----
Polearms       | 5 |  5.8
Armour         | 1 |  1.2
Fighting       | 3 |  3.0
Throwing       | |  2.0
Dodging        | |  4.3

Action                   |  1- 3 |  4- 6 || total
-------------------------+-------+-------++-------
Melee: Trident           |   149 |    21 ||   170
  Use: Potion            |       |     1 ||     1
  Eat: Chunk             |     3 |       ||     3
Armor: Leather armour    |    20 |     3 ||    23
Dodge: Dodged            |    71 |    16 ||    87
